 Dungeon Crawl Stone Soup version 0.31-a0-1612-g4aaf141004 (webtiles) character file.

Game seed: 12808289012844836374

3695 dorian the Protected (level 9, -5/78 (81) HPs)
             Began as an Armataur Berserker on Jan 9, 2024.
             Was a Priest of Trog.
             Killed from afar by Maggie (10 damage)
             ... with a bolt of fire
             ... on level 7 of the Dungeon.
             The game lasted 00:14:17 (7234 turns).

dorian the Protected (Armataur Berserker)           Turns: 7234, Time: 00:14:18

HP:   -5/78 (81)    AC: 15    Str: 27    XL:     9   Next: 90%
MP:   18/18         EV:  6    Int:  7    God:    Trog [***...]
Gold: 1445          SH:  0    Dex: 10    Spells: 8/8 levels left

rFire   . . .        y - +1 mace (heavy)
rCold   . . .        (no shield)
rNeg    . . .        o - +0 plate armour
rPois   .            s - +1 helmet
rElec   .            G - scarf {shadows}
rCorr   .            (no gloves)
SInv    .            (no barding)
Will    .....        (no amulet) Stlth
                     q - ring of magical power
HPRegen 1.63/turn    (no ring)
MPRegen 0.82/turn

%: roll
@: lethally poisoned (-5 -> -23), mesmerised, lightly drained
A: large, deformed body, tough skin 3, armoured tail, roll 2
a: Renounce Religion, Berserk, Trog's Hand


You were on level 7 of the Dungeon.
You worshipped Trog.
Trog was most pleased with you.
You visited 1 branch of the dungeon, and saw 7 of its levels.
You also visited: Sewer.

You collected 1445 gold pieces.

Inventory:

Hand Weapons
 a - a +0 mace
 e - a +1 flail of flaming
 y - a +1 heavy mace (weapon)
 F - a +5 flail
Missiles
 i - 5 boomerangs (quivered)
 C - a throwing net
Armour
 b - a +0 animal skin
 d - a +0 chain mail
 h - a +0 cloak
 o - a +0 plate armour (worn)
 s - a +1 helmet (worn)
 G - a scarf of shadows (worn)
Jewellery
 m - a ring of protection from cold
 q - a ring of magical power (left hand)
Talismans
 D - a storm talisman
Wands
 u - a wand of acid (9)
 x - a wand of flame (21)
 H - a wand of polymorph (11)
 I - a wand of digging (4)
Scrolls
 c - 2 scrolls of fear
 k - a scroll of revelation
 l - 2 scrolls of amnesia
 r - a scroll of enchant armour
 J - 2 scrolls of identify
Potions
 f - 4 potions of cancellation
 j - 2 potions of brilliance
 n - 4 potions of mutation {unknown}
 p - a potion of curing {unknown}
 t - 2 potions of ambrosia
 v - 2 potions of might {unknown}
 w - a potion of magic
 z - a potion of attraction
 A - 2 potions of haste {unknown}
 B - a potion of degeneration {unknown}
 E - a potion of resistance {unknown}
 K - a potion of berserk rage


   Skills:
 + Level 8.1 Fighting
 + Level 8.0 Maces & Flails
 + Level 10.1 Armour
 - Level 1.3 Dodging


You had 8 spell levels left.
You didn't know any spells.
Your spell library was empty.

Dungeon Overview and Level Annotations

Branches:
Dungeon (7/15)              Sewer (visited)
 Temple: D:4-7

Altars:
Nemelex Xobeh
Vehumet
Xom
The Shining One

Annotations:
D:4 1 runed translucent door, t4s4d4r's ghost, amateur AtFi
D:7 2 runed translucent doors, Maggie


Innate Abilities, Weirdness & Mutations

Armour fits poorly on your strangely shaped body.
You have extremely tough skin. (AC +3)
You have a long armoured tail.
You regenerate magic and health when rolling toward enemies. (Rampage Regen)


Message History

Maggie is lightly wounded.
You feel very sick.
Maggie mumbles some strange words.
Maggie draws you further into her thrall.
You barely miss Maggie.
Maggie is lightly wounded.
You feel very sick.
Maggie hits you with a +1 halberd of venom!
You are more poisoned.
Maggie hits you with a +1 halberd of venom.
You are more poisoned.
You hit Maggie.
Maggie is lightly wounded.
You feel extremely sick. Maggie hits you but does no damage.
You are more poisoned.
You barely miss Maggie.
Your tail-slap misses Maggie.
Maggie is lightly wounded.
You feel extremely sick.
Maggie hits you with a +1 halberd of venom!
You are more poisoned.
Maggie hits you with a +1 halberd of venom.
You are more poisoned.
You feel much better.
You feel extremely sick.
Maggie hits you with a +1 halberd of venom!
You are more poisoned.
You bludgeon Maggie!!
Maggie is heavily wounded.
* * * LOW HITPOINT WARNING * * *
You feel extremely sick.
Maggie hits you with a +1 halberd of venom.
* * * LOW HITPOINT WARNING * * *
You are more poisoned.
It was a potion of magic.
Magic courses through your body.
* * * LOW HITPOINT WARNING * * *
You feel extremely sick. Maggie casts a spell at you.
The bolt of fire hits you!
You die...

#..#
###.....................##
##.##
##.....#.##........#..###
...####.##...####........####
#.............#........###
.........................#
...............##......<.#
...............#.........#
..)............#..#..#####
...............#@.#.##
..............)@..###
.........#....)#...##
............####....#
...##.......# #..###
#.####.....## #### .##
#....## ..## ####.# ...# ###


You could see Maggie (mesmerising).

Vanquished Creatures
  Sigmund (D:2)
  5 yaks (D:5)
  A steam dragon (D:7)
  2 water moccasins
  An ice beast (D:6)
  A black bear (D:4)
  3 sky beasts
  2 ogres
  A centaur (D:5)
  2 kobold brigands (Sewer)
  Blork the orc (D:5)
  A gnoll sergeant (D:6)
  A bullfrog (D:7)
  2 scorpions
  10 wights
  A howler monkey (D:5)
  A bombardier beetle (D:5)
  A gnoll bouda (D:6)
  3 orc priests
  A hound (D:5)
  3 jellies
  3 iguanas
  An orc wizard (D:6)
  5 adders
  20 gnolls
  A river rat (D:6)
  A shadow imp (D:6)
  2 ribbon worms
  2 dart slugs (D:4)
  18 orcs
  7 ball pythons
  5 endoplasms
  5 giant cockroaches
  7 goblins
  A hobgoblin (D:1)
  6 jackals
  2 quokkas (D:2)
  8 bats
  3 frilled lizards
  19 kobolds
  5 rats
165 creatures vanquished.

Notes
Turn   | Place    | Note
-------+----------+-------------------------------------------
     0 | D:1      | dorian the Armataur Berserker began the quest for the Orb.
     0 | D:1      | Reached XP level 1. HP: 18/18 MP: 1/1
   165 | D:1      | Reached XP level 2. HP: 17/25 MP: 2/2
   221 | D:1      | Reached skill level 3 in Armour
   437 | D:1      | Reached XP level 3. HP: 31/31 MP: 3/3
   858 | D:2      | Reached ** piety under Trog
  1087 | D:2      | Noticed Sigmund
  1101 | D:2      | HP: 1/46 [something (3)]
  1103 | D:2      | Killed Sigmund
  1104 | D:2      | Reached skill level 4 in Armour
  1104 | D:2      | Reached XP level 4. HP: 3/40 MP: 4/4
  1104 | D:2      | Reached XP level 5. HP: 3/46 MP: 5/5
  1300 | D:2      | Found a radiant altar of Vehumet.
  1594 | D:3      | Found a sparkling altar of Nemelex Xobeh.
  1837 | D:3      | Found a shimmering altar of Xom.
  1860 | D:3      | Found a shimmering altar of Xom.
  1861 | D:3      | Found a shimmering altar of Xom.
  1865 | D:3      | Found a shimmering altar of Xom.
  2232 | D:3      | Reached XP level 6. HP: 52/52 MP: 6/6
  2330 | D:3      | Reached skill level 5 in Armour
  2899 | D:3      | Identified a scroll of acquirement
  2899 | D:3      | Acquired 1001 gold pieces
  2922 | D:4      | Found a runed translucent door.
  2922 | D:4      | Noticed t4s4d4r's ghost (amateur AtFi)
  3066 | D:4      | Gained mutation: You regenerate magic and health when
                  | rolling toward enemies. (Rampage Regen) [Armataur growth]
  3066 | D:4      | Reached XP level 7. HP: 60/60 MP: 7/7
  3547 | D:5      | Entered Level 5 of the Dungeon
  3596 | D:5      | Noticed a yak
  3596 | D:5      | Noticed a yak
  3597 | D:5      | Noticed a yak
  3597 | D:5      | Noticed a yak
  3614 | D:5      | Noticed a yak
  3617 | D:5      | Killed a yak
  3618 | D:5      | Reached skill level 5 in Fighting
  3618 | D:5      | Reached skill level 5 in Maces & Flails
  3618 | D:5      | Reached skill level 6 in Armour
  3623 | D:5      | Killed a yak
  3625 | D:5      | Killed a yak
  3626 | D:5      | Reached XP level 8. HP: 69/69 MP: 8/8
  3634 | D:5      | Reached skill level 7 in Armour
  3643 | D:5      | Noticed Blork the orc
  4083 | D:5      | Killed Blork the orc
  4094 | D:5      | Reached skill level 8 in Armour
  4443 | D:6      | Reached *** piety under Trog
  4482 | D:6      | Found a glowing drain.
  4486 | Sewer    | Entered a sewer
  4627 | Sewer    | Reached XP level 9. HP: 31/78 MP: 9/9
  5313 | D:6      | Reached skill level 9 in Armour
  6242 | D:7      | Reached **** piety under Trog
  6312 | D:7      | Found a runed translucent door.
  6446 | D:7      | Found a runed translucent door.
  6684 | D:7      | Reached skill level 10 in Armour
  6932 | D:7      | Found a glowing golden altar of the Shining One.
  7223 | D:7      | Noticed Maggie
  7234 | D:7      | Killed from afar by Maggie

Illustrated notes

Levels and vault maps discovered:
D:1:      minmay_arrival_radiant_lines, layout_basic, interstate_on_off
D:2:      layout_loops_ring, basic_altar, uniq_sigmund
D:3:      layout_basic, xom_redecorated, mainiacjoe_overflow_paths,
          kennysheep_orc_chapel
D:4:      layout_gridville, hellmonk_ghost_happy_afterlife,
          kennysheep_generic_room_5
D:5:      layout_basic, minmay_misc_feat_pillars, minmay_misc_feat_rugged,
          uniq_blork_the_orc
D:6:      layout_loops_cross, gup_sewer_entry_bowl
D:7:      lemuel_insect_pit, layout_cave_pools, tso_altar, temple_green,
          uniq_maggie

Skill      XL: |  1  2  3  4  5  6  7  8  9 |
---------------+----------------------------+-----
Maces & Flails | 3 4 5 6 8 |  8.0
Fighting       | 3 4 5 6 8 |  8.1
Armour         | 3 4 5 6 8 10 | 10.1
Dodging        | |  1.3

Action                     |  1- 3 |  4- 6 |  7- 9 || total
---------------------------+-------+-------+-------++-------
  Melee: Mace              |    26 |       |   228 ||   254
         Tailslap          |     6 |    11 |    45 ||    62
         Flail             |    60 |   105 |    68 ||   233
         Punch             |       |     2 |     3 ||     5
 Invoke: Berserk           |       |     2 |     5 ||     7
         Trog's Hand       |       |       |     4 ||     4
    Use: Potion            |     3 |       |     4 ||     7
         Scroll            |       |     6 |    14 ||    20
   Stab: Invisible         |       |       |     3 ||     3
 Armour: Animal skin       |    14 |       |       ||    14
         Chain mail        |    66 |     7 |       ||    73
         Plate armour      |       |    73 |   361 ||   434
  Dodge: Dodged            |    32 |    25 |   105 ||   162

Table legend: (Time is in decaauts)
 A = Elapsed time spent in this place.
 B = Non-inter-level travel time spent in this place.
 C = Inter-level travel time spent in this place.
 D = Time resting spent in this place.
 E = Time spent auto-exploring this place.
 F = Levels seen in this place.
 G = Mean time per level.
                   A        B        C        D        E       F      G
               +--------+--------+--------+--------+--------+-----+--------+
         Total |   7491 |   7076 |    415 |    587 |   5192 |   8 |  936.4 |
       Dungeon |   7077 |   6662 |    415 |    439 |   5059 |   7 | 1011.0 |
         Sewer |    414 |    414 |      0 |    148 |    133 |   1 |  414.0 |
               +--------+--------+--------+--------+--------+-----+--------+

Top non-repeatable levels by time:
     D:3: 1428 daAuts
     D:6: 1273 daAuts
     D:7: 1111 daAuts
     D:5: 895 daAuts
     D:2: 832 daAuts
     D:1: 792 daAuts
     D:4: 744 daAuts
   Sewer: 414 daAuts
